 Dungeon Crawl Stone Soup version 0.18.1-48-g4cf74bf (webtiles) character file.

13094 Peloso the Blocker (level 11, -3/97 HPs)
             Began as a Minotaur Fighter on July 24, 2016.
             Was a High Priest of Okawaru.
             Killed by divine providence
             ... invoked by an orc priest
              (15 damage)
             ... on level 11 of the Dungeon.
             The game lasted 00:25:41 (10133 turns).

Peloso the Blocker (Minotaur Fighter)              Turns: 10133, Time: 00:25:42

Health: -3/97      AC: 18    Str: 28    XL:     11   Next: 71%
Magic:  19/19      EV: 10    Int:  5    God:    Okawaru [*****.]
Gold:   724        SH: 14    Dex: 14    Spells: 0 memorised, 10 levels left

rFire  . . .     SeeInvis .     o - +2 falchion (flame)
rCold  . . .     Gourm    .     y - +0 plate armour
rNeg   . . .     Faith    .     c - +0 shield
rPois  .         Spirit   .     (helmet unavailable)
rElec  .         Dismiss  .     (no cloak)
rCorr  .         Reflect  .     s - +2 pair of gloves of Yredelemnul's Pride {Str+4}
SustAt .         Harm     .     (no boots)
MR     .....                    (no amulet)
Stlth  ..........               g - ring of magical power
                                w - +2 ring of strength

@: not resistant to hostile enchantments, extremely unstealthy
A: retaliatory headbutt, horns 3, agile 1
a: Heroism, Finesse, Renounce Religion


You were on level 11 of the Dungeon.
You worshipped Okawaru.
Okawaru was extremely pleased with you.
You were very hungry.

You visited 1 branch of the dungeon, and saw 11 of its levels.

You collected 724 gold pieces.

Inventory:

Hand Weapons
 a - a +1 long sword
 o - a +2 falchion of flaming (weapon)
Armour
 c - a +0 shield (worn)
 s - the +2 pair of gloves of Yredelemnul's Pride (worn) {Str+4}
   (You found it on level 4 of the Dungeon)

   It affects your strength (+4).
 y - a +0 plate armour (worn)
Jewellery
 g - a ring of magical power (right hand)
 p - an uncursed ring of resist corrosion
 w - a +2 ring of strength (left hand)
Wands
 b - a wand of acid (1/15)
 u - a wand of disintegration (14/24)
 x - a wand of enslavement (10/24)
 z - a wand of paralysis (17/24)
 C - a wand of flame (27/48)
 I - a wand of paralysis (19/24)
 M - a wand of flame (35/48)
 O - a wand of paralysis (12/24)
Scrolls
 i - 4 scrolls of remove curse
 n - 2 scrolls of blinking
 t - a scroll of amnesia
 D - a scroll of magic mapping
 E - a scroll of enchant weapon
 K - 4 scrolls of teleportation
 L - a scroll of random uselessness {unknown}
 P - a scroll of recharging
Potions
 d - 2 potions of might
 l - a potion of curing
 q - 3 potions of haste
 r - a potion of brilliance {unknown}
 A - 2 potions of heal wounds {unknown}
 B - 2 potions of flight {unknown}
 F - a potion of resistance {unknown}
 G - 2 potions of mutation {unknown}
 J - a potion of agility
Comestibles
 f - 5 bread rations
 h - 5 meat rations
 j - 16 royal jellies
 k - 15 fruits
 m - 8 slices of pizza
 v - 3 beef jerkies


   Skills:
 + Level 9.5 Fighting
 + Level 11.0 Long Blades
 + Level 10.9 Armour
 + Level 5.6 Dodging
 + Level 1.1 Stealth
 + Level 13.0 Shields
 + Level 1.0 Invocations
 + Level 0.3 Evocations


You had 10 spell levels left.
You didn't know any spells.

Dungeon Overview and Level Annotations

Branches:
Dungeon (11/15)            Temple (0/1) D:7            Lair (0/8) D:8
    Orc (0/2) D:10

Altars:
Cheibriados
Elyvilon
Fedhas
Nemelex Xobeh
Okawaru
Ru
Sif Muna
Xom
Zin
The Shining One


Innate Abilities, Weirdness & Mutations

You reflexively headbutt those who attack you in melee.
You have a pair of large horns on your head.
You are agile. (Dex +2)


Message History

You hit the orc warrior. You burn the orc warrior.
The orc warrior is moderately wounded.
The orc hits you but does no damage. The orc warrior closely misses you.
You furiously retaliate!
You headbutt the orc warrior!
The orc priest calls down the wrath of Beogh upon you.
Beogh smites you!
* * * LOW HITPOINT WARNING * * *
You are feeling very hungry.
You closely miss the orc warrior. You headbutt the orc warrior.
The orc warrior is severely wounded.
You block the orc's attack.
The orc priest calls down the wrath of Beogh upon you.
Beogh smites you!
* * * LOW HITPOINT WARNING * * *
The orc priest miscasts a cantrip.
You block the orc warrior's attack.
There is an open door, spattered with blood here.
The orc priest invokes the aid of Beogh against you.
Beogh smites you!
You die...

#.[......#
#..........
######.###
#..........
##...#
##########'
#..### ###..
##'########
#[..#
#........<#
#.###
#..†......#
######'###
#.........#
#.........
#.......@.#
#.........
#.......o.##
#<........
#......o..+
..
#.........
#.........#
#.#.......>.
#....o....#
#.'.........
#..o......#
###.........
###o#######
####.#####
#oo#
####...###
#)##
#..>......


You could see an orc warrior, an orc priest and 5 orcs.

Vanquished Creatures
  The ghost of Peloso the Blocker, a journeyman MiFi of Okawaru (D:11)
  A hydra (D:8)
  Pikel (D:5)
  2 hill giants (D:11)
  An oklob plant (D:6)
  Maurice (D:8)
  A queen bee (D:10)
  A troll (D:10)
  Eustachio (D:5)
  12 yaks
  2 hippogriffs
  Menkaure (D:6)
  Duvessa (D:7)
  A water moccasin (D:11)
  8 orc warriors
  A sky beast (D:10)
  2 ice beasts
  A slave (D:5)
  9 ogres
  2 black bears
  An eye of draining (D:9)
  3 phantoms
  6 centaurs
  7 big kobolds
  4 giant frogs
  5 gnoll sergeants
  Dowan (D:7)
  3 scorpions
  26 killer bees (D:10)
  7 howler monkeys (D:8)
  3 crimson imps
  2 quasits
  A jelly (D:9)
  3 hounds
  A giant frog skeleton (D:9)
  4 orc priests
  A centaur skeleton (D:7)
  2 iguanas
  9 orc wizards
  7 worker ants
  2 sheep (D:8)
  A hound skeleton (D:9)
  A howler monkey zombie (D:6)
  8 gnolls
  7 adders
  2 river rats (D:8)
  An adder skeleton (D:4)
  3 worms
  3 giant geckos
  41 orcs
  2 giant cockroaches (D:2)
  4 goblins
  7 hobgoblins
  3 jackals
  2 kobolds (D:1)
  4 quokkas
  2 ball pythons
  22 bats
  A giant gecko zombie (D:6)
  2 giant newts
  11 rats
  A fungus (D:8)
276 creatures vanquished.

Vanquished Creatures (others)
  A slave (D:5)
  A worker ant (D:5)
  5 sheep (D:9)
  An adder (D:5)
  A rat (D:8)
9 creatures vanquished.

Grand Total: 285 creatures vanquished

Notes
Turn   | Place    | Note
--------------------------------------------------------------
     0 | D:1      | Peloso the Minotaur Fighter began the quest for the Orb.
     0 | D:1      | Reached XP level 1. HP: 19/19 MP: 0/0
   475 | D:1      | Reached XP level 2. HP: 27/27 MP: 1/1
   938 | D:2      | Reached XP level 3. HP: 32/33 MP: 2/2
  1328 | D:3      | Reached skill level 1 in Dodging
  1593 | D:3      | Reached XP level 4. HP: 40/40 MP: 3/3
  2058 | D:4      | Got a pair of steaming gloves
  2064 | D:4      | Identified the +2 pair of gloves of Yredelemnul's Pride {Str+4} (You found it on level 4 of the Dungeon)
  2095 | D:4      | Noticed a gnoll sergeant
  2106 | D:4      | Reached skill level 4 in Shields
  2218 | D:4      | Killed a gnoll sergeant
  2218 | D:4      | Reached XP level 5. HP: 16/47 MP: 4/4
  2529 | D:4      | Reached skill level 5 in Armour
  2829 | D:4      | Reached skill level 5 in Shields
  3170 | D:4      | Reached XP level 6. HP: 47/53 MP: 5/5
  3404 | D:5      | Entered Level 5 of the Dungeon
  3516 | D:5      | Noticed a slave
  3516 | D:5      | Noticed a slave
  3517 | D:5      | Noticed Pikel
  3517 | D:5      | Noticed a slave
  3521 | D:5      | Killed a slave
  3523 | D:5      | Noticed a slave
  3538 | D:5      | Killed Pikel
  3538 | D:5      | Reached skill level 5 in Fighting
  3538 | D:5      | Reached skill level 6 in Shields
  3538 | D:5      | Reached XP level 7. HP: 54/61 MP: 6/6
  3600 | D:5      | Noticed Eustachio
  3610 | D:5      | Killed Eustachio
  3610 | D:5      | Reached skill level 5 in Long Blades
  3610 | D:5      | Reached skill level 7 in Shields
  3805 | D:5      | Found an iron altar of Okawaru.
  3825 | D:5      | Reached XP level 8. HP: 60/68 MP: 7/7
  3841 | D:5      | Became a worshipper of Warmaster Okawaru
  4622 | D:6      | Noticed Menkaure
  4629 | D:6      | Killed Menkaure
  4805 | D:6      | Found a glowing golden altar of the Shining One.
  4805 | D:6      | Found a sparkling altar of Nemelex Xobeh.
  4807 | D:6      | Found a blossoming altar of Fedhas.
  4814 | D:6      | Found a sacrificial altar of Ru.
  4814 | D:6      | Noticed an oklob plant
  4850 | D:6      | Reached skill level 8 in Shields
  5265 | D:7      | Noticed Dowan
  5266 | D:7      | Noticed Duvessa
  5277 | D:7      | Killed Dowan
  5277 | D:7      | Reached * piety under Okawaru
  5434 | D:7      | Found a staircase to the Ecumenical Temple.
  5652 | D:7      | Killed Duvessa
  5686 | D:7      | Reached XP level 9. HP: 51/75 MP: 8/8
  5721 | D:7      | Reached skill level 1 in Stealth
  6023 | D:6      | Killed an oklob plant
  6023 | D:6      | Reached skill level 9 in Shields
  6087 | D:8      | Found a deep blue altar of Sif Muna.
  6121 | D:8      | Noticed Maurice
  6312 | D:8      | Reached ** piety under Okawaru
  6337 | D:8      | Noticed a three-headed hydra
  6344 | D:8      | Killed a one-headed hydra
  6344 | D:8      | Reached *** piety under Okawaru
  6344 | D:8      | Reached skill level 5 in Dodging
  6344 | D:8      | Reached skill level 10 in Shields
  6637 | D:8      | Found a white marble altar of Elyvilon.
  6656 | D:8      | Reached XP level 10. HP: 86/86 MP: 9/9
  6754 | D:8      | Found a staircase to the Lair.
  6891 | D:8      | Killed Maurice
  7477 | D:8      | Found a snail-covered altar of Cheibriados.
  7660 | D:8      | Found a sacrificial altar of Ru.
  7928 | D:9      | Reached **** piety under Okawaru
  7928 | D:9      | Received a gift from Okawaru
  7967 | D:9      | Found a blossoming altar of Fedhas.
  8047 | D:9      | Reached skill level 11 in Shields
  8066 | D:9      | Reached skill level 10 in Armour
  8082 | D:9      | Gained mutation: You are agile. (Dex +2) [potion of beneficial mutation]
  8391 | D:9      | Found a shimmering altar of Xom.
  8515 | D:9      | Found a glowing silver altar of Zin.
  8541 | D:10     | Entered Level 10 of the Dungeon
  8717 | D:10     | Reached XP level 11. HP: 63/95 MP: 10/10
  8720 | D:10     | Reached ***** piety under Okawaru
  8722 | D:10     | Reached skill level 10 in Long Blades
  9325 | D:10     | Found a staircase to the Orcish Mines.
  9330 | D:10     | Reached skill level 12 in Shields
  9399 | D:10     | Gained mutation: You have a pair of large horns on your head. [potion of beneficial mutation]
  9430 | D:11     | Noticed Peloso's ghost (journeyman MiFi)
  9484 | D:11     | Killed Peloso's ghost
  9539 | D:11     | Noticed a hill giant
  9552 | D:11     | Killed a hill giant
  9668 | D:11     | Noticed a hill giant
  9685 | D:11     | Killed a hill giant
 10101 | D:11     | Reached skill level 13 in Shields
 10120 | D:11     | Reached skill level 1 in Invocations
 10133 | D:11     | Killed from afar by an orc priest

Skill      XL: |  1  2  3  4  5  6  7  8  9 10 11 |
---------------+----------------------------------+-----
Armour         | 4 5 6 7 9 10 | 10.9
Fighting       | 4 5 6 7 8 9 |  9.5
Long Blades    | 3 4 5 6 8 9 11 | 11.0
Dodging        | 1 2 3 5 |  5.6
Shields        | 4 5 6 7 8 10 11 13 | 13.0
Stealth        | 1 |  1.1
Invocations    | 1 |  1.0
Evocations     | |  0.3

Action                   |  1- 3 |  4- 6 |  7- 9 | 10-12 || total
-------------------------+-------+-------+-------+-------++-------
Melee: Long sword        |    95 |   103 |   200 |       ||   398
       Headbutt          |    20 |    25 |    49 |   146 ||   240
       Falchion          |       |       |    30 |   511 ||   541
Invok: Heroism           |       |       |       |     3 ||     3
Evoke: Wand              |       |       |     1 |       ||     1
  Use: Potion            |       |     1 |     1 |     3 ||     5
       Scroll            |       |       |    11 |     4 ||    15
  Eat: Chunk             |     2 |     5 |    10 |    11 ||    28
       Pizza             |       |     1 |       |       ||     1
Armor: Scale mail        |    45 |       |       |       ||    45
       Chain mail        |     8 |    43 |   128 |     5 ||   184
       Plate armour      |       |       |       |   162 ||   162
Dodge: Dodged            |    26 |    15 |    90 |   133 ||   264
Block: Shield            |    35 |    54 |   176 |   293 ||   558
